 Dungeon Sprint DCSS version 0.27-a0-1006-g1fd4cec11e (webtiles) character file.

Game seed: 16914076254339658701

219 mhtbhm the Thaumaturge (level 5, -21/29 HPs)
             Began as a Deep Elf Earth Elementalist on Apr 17, 2021.
             Was an Initiate of Vehumet.
             Demolished by a shadow (32 damage)
             ... in the Dungeon (Sprint IX: "|||||||||||||||||||||||||||||").
             The game lasted 00:01:35 (424 turns).

mhtbhm the Thaumaturge (Deep Elf Earth Elementalist) Turns: 424, Time: 00:01:36

Health: -21/29     AC:  3    Str:  8    XL:     5   Next: 63%
Magic:  11/19      EV: 16    Int: 21    God:    Vehumet [......]
Gold:   0          SH:  0    Dex: 15    Spells: 17/23 levels left

rFire    . . .     SeeInvis .   a - +4 quarterstaff (speed)
rCold    . . .     Faith    .   (shield currently unavailable)
rNeg     . . .     Spirit   .   c - +0 robe
rPois    .         Reflect  .   (no helmet)
rElec    .         Harm     .   (no cloak)
rCorr    .         Rampage  .   m - +0 pair of gloves
Will     .....     NoTele   +   (no boots)
Stlth    +++.......             (no amulet)
HPRegen  0.09/turn              n - +3 ring of strength
MPRegen  0.16/turn              o - +2 ring of evasion

@: no status effects
A: no striking features
a: Renounce Religion


You were in the Dungeon.
You worshipped Vehumet.
Vehumet was noncommittal.
You visited 1 branch

Inventory:

Hand Weapons
 a - a +4 quarterstaff of speed (weapon)
Missiles
 b - 15 stones
Armour
 c - a +0 robe (worn)
 m - a +0 pair of gloves (worn)
Jewellery
 n - a +3 ring of strength (left hand)
 o - a +2 ring of evasion (right hand)
Wands
 k - a wand of iceblast (7)
Scrolls
 i - a scroll of blinking
 j - 2 scrolls of amnesia
Potions
 d - 5 potions of curing
 e - a potion of heal wounds
 f - a potion of haste
 g - 4 potions of magic
 h - a potion of berserk rage
 l - a potion of invisibility


   Skills:
 + Level 1.0 Fighting
 + Level 4.4 Dodging
 + Level 4.7 Stealth
 + Level 9.5 Spellcasting
 + Level 1.1 Transmutations
 + Level 9.5 Earth Magic


You had 17 spell levels left.
You knew the following spells:

 Your Spells              Type           Power      Damage    Failure   Level
a - Sandblast             Erth           100%       2d20      1%          1
b - Passwall              Tmut/Erth      26%        N/A       1%          2
c - Stone Arrow           Conj/Erth      60%        3d10      3%          3

Your spell library contained the following spells:

 Spells                   Type           Power      Damage    Failure   Level
 Lee's Rapid Deconstruct  Erth           25%        3d15*     3%          5
 Petrify                  Tmut/Erth      32%        N/A       8%          4


Dungeon Overview and Level Annotations

Branches:
Dungeon (1/1)

Altars:
Cheibriados
Dithmenos
Elyvilon
Fedhas
Gozag
Hepliaklqana
Kikubaaqudgha
Makhleb
Nemelex Xobeh
Okawaru
Qazlal
Ru
Sif Muna
Trog
Uskayaw
Vehumet
Wu Jian
Xom
Yredelemnul
Zin
The Shining One
Beogh
Jiyva
Lugonu


Message History

Unknown command.
Blink to where?
Press: ? - help, Dir - move target
As you read the scroll of blinking, it crumbles to dust.
Unknown command.
Aiming: Iceblast
Press: ? - help, Shift-Dir - straight line The mass of ice explodes!
The iceblast engulfs something.
Unknown command.
Unknown command.
Unknown command.
Aiming: Iceblast
Press: ? - help, Shift-Dir - straight line The mass of ice explodes!
Unknown command.
Unknown command.
Aiming: Iceblast
Press: ? - help, Shift-Dir - straight line
Okay, then.
Unknown command.
You start resting.
There are monsters nearby!
Aiming: Iceblast
Press: ? - help, Shift-Dir - straight line, f - troll
Aim: a troll The mass of ice explodes!
The iceblast engulfs something.
The shadow strikes at you from the darkness!
Ouch! That really hurt!
Reactivating autopickup.
Unknown command.
Unknown command.
The shadow slips into darkness.
The shadow flickers and vanishes!
Deactivating autopickup; reactivate with Ctrl-A.
There is an open door here.
There is a glowing golden altar of the Shining One here.
Something is blocking the doorway!
The shadow strikes at you from the darkness!
Ouch! That really hurt!
You die...

▓_▓
▓_▓
▓_▓
▓_▓
▓_▓
▓_▓
▓_▓
▓_▓
▓@▓
▓'▓
▓.▓
▓T▓
▓)▓
▓Z▓
▓.▓
▓O▓
▓[▓


You could see a two-headed ogre, a troll and a giant cockroach zombie.

Vanquished Creatures
  A yak (D)
  2 hounds (D)
  An ufetubus (D)
  A worm (D)
  An orc (D)
  An endoplasm (D)
  A giant cockroach (D)
  A goblin (D)
  A quokka (D)
  A kobold (D)
11 creatures vanquished.

Notes
Turn   | Place    | Note
-------+----------+-------------------------------------------
     0 | D        | mhtbhm the Deep Elf Earth Elementalist began the quest for
                  | the Orb.
     0 | D        | Reached XP level 1. HP: 10/10 MP: 6/6
     2 | D        | Banished a spatial maelstrom
   180 | D        | Noticed a hound
   180 | D        | Noticed a hound
   182 | D        | Reached XP level 2. HP: 15/15 MP: 6/9
   186 | D        | Learned a level 2 spell: Passwall
   212 | D        | Reached skill level 5 in Spellcasting
   212 | D        | Reached skill level 5 in Earth Magic
   212 | D        | Reached XP level 3. HP: 12/19 MP: 8/12
   217 | D        | Reached XP level 4. HP: 14/24 MP: 3/14
   221 | D        | Learned a level 3 spell: Stone Arrow
   347 | D        | Found a snail-covered altar of Cheibriados.
   347 | D        | Found a shadowy altar of Dithmenos.
   347 | D        | Found a white marble altar of Elyvilon.
   347 | D        | Found a blossoming altar of Fedhas.
   347 | D        | Found an opulent altar of Gozag.
   348 | D        | Found a hazy altar of Hepliaklqana.
   349 | D        | Found a viscous altar of Jiyva.
   350 | D        | Found an ancient bone altar of Kikubaaqudgha.
   351 | D        | Found a corrupted altar of Lugonu.
   352 | D        | Found a burning altar of Makhleb.
   353 | D        | Found a sparkling altar of Nemelex Xobeh.
   354 | D        | Found an iron altar of Okawaru.
   355 | D        | Found a stormy altar of Qazlal.
   356 | D        | Found a sacrificial altar of Ru.
   357 | D        | Found a shimmering blue altar of Sif Muna.
   358 | D        | Found a bloodstained altar of Trog.
   359 | D        | Found a hide-covered altar of Uskayaw.
   360 | D        | Found a radiant altar of Vehumet.
   361 | D        | Found an ornate altar of the Wu Jian Council.
   362 | D        | Found a shimmering altar of Xom.
   363 | D        | Found a basalt altar of Yredelemnul.
   364 | D        | Found a glowing silver altar of Zin.
   365 | D        | Found a glowing golden altar of the Shining One.
   370 | D        | Became a worshipper of Vehumet
   404 | D        | Noticed a yak
   404 | D        | Noticed a shadow
   404 | D        | Noticed a troll
   404 | D        | Noticed a two-headed ogre
   412 | D        | Killed a yak
   413 | D        | Reached skill level 1 in Fighting
   413 | D        | Reached XP level 5. HP: 12/29 MP: 10/19
   424 | D        | Demolished by a shadow

Illustrated notes

Levels and vault maps discovered:
D:        linesprint [early_d, line_temple, items_1, d_10, items_2, lair_1,
          lair_end, items_3, orc_1, orc_end, items_4, d_15, swamp_1, shoals_1,
          snake_1, spider_1, d_20, vaults_1, items_5, swamp_end, shoals_end,
          snake_end, spider_end, vaults_end, d_27, items_6, zot_1, zot_end,
          crypt_end, forest_end, elf_end, slime_end, tomb_end, abyss_end,
          pan_hell_end]

Skill      XL: |  1  2  3  4 |
---------------+-------------+-----
Earth Magic    | 4 5 6 9 |  9.5
Spellcasting   | 4 5 6 9 |  9.5
Dodging        | 3 4 |  4.4
Stealth        | 3 4 |  4.7
Fighting       | 1 |  1.0
Transmutations | |  1.1

Action                   |  1- 3 |  4- 6 || total
-------------------------+-------+-------++-------
Melee: Unarmed           |     1 |       ||     1
 Cast: Sandblast         |    14 |     6 ||    20
Evoke: Wand              |       |     3 ||     3
  Use: Potion            |       |     2 ||     2
       Scroll            |       |     1 ||     1
Armor: Robe              |     2 |       ||     2
Dodge: Dodged            |     7 |     3 ||    10

Table legend: (Time is in decaauts)
 A = Elapsed time spent in this place.
 B = Non-inter-level travel time spent in this place.
 C = Inter-level travel time spent in this place.
 D = Time resting spent in this place.
 E = Time spent auto-exploring this place.
 F = Levels seen in this place.
 G = Mean time per level.
                   A        B        C        D        E       F      G
               +--------+--------+--------+--------+--------+-----+--------+
         Total |    422 |    422 |      0 |    179 |    133 |   1 |  422.0 |
       Dungeon |    422 |    422 |      0 |    179 |    133 |   1 |  422.0 |
               +--------+--------+--------+--------+--------+-----+--------+

Top non-repeatable levels by time:
       D: 422 daAuts
